 Dungeon Crawl Stone Soup version 0.23-a0-61-g4bf3f6c (webtiles) character file.

4 Mgcat the Caller (level 1, -2/13 HPs)
             Began as a Barachi Summoner on Aug 9, 2018.
             Slain by a goblin
             ... wielding a +0 club
              (5 damage)
             ... on level 1 of the Dungeon.
             The game lasted 00:00:56 (267 turns).

Mgcat the Caller (Barachi Summoner)                  Turns: 267, Time: 00:00:57

Health: -2/13      AC:  2    Str:  9    XL:     1   Next: 60%
Magic:  0/3        EV: 12    Int: 15    God:
Gold:   32         SH:  0    Dex: 12    Spells: 3/4 levels left

rFire    . . .     SeeInvis .   f - +0 dagger
rCold    . . .     Gourm    .   (no shield)
rNeg     . . .     Faith    .   a - +0 robe
rPois    .         Spirit   .   (no helmet)
rElec    .         Reflect  .   (no cloak)
rCorr    .         Harm     .   (no gloves)
MR       .....                  (no boots)
Stlth    ++........             (no amulet)
HPRegen  0.04/turn              (no ring)
MPRegen  0.08/turn              (no ring)

@: very slightly contaminated, slow
A: +LOS, swims, slowness 1, strong legs 1
a: Hop


You were on level 1 of the Dungeon.
You were not hungry.

You visited 1 branch of the dungeon, and saw 1 of its levels.

You collected 32 gold pieces.

Inventory:

Hand Weapons
 f - a +0 dagger (weapon)
   (You found it on level 1 of the Dungeon)
Armour
 a - a +0 robe (worn)
Scrolls
 d - a scroll of remove curse {unknown}
 e - a scroll of immolation {unknown}
Comestibles
 b - 2 chunks of flesh {@w0}
 c - a ration


   Skills:
 + Level 2.3 Dodging
 + Level 1.9 Stealth
 + Level 2.2 Spellcasting
 + Level 4.9 Summonings


You had 3 spell levels left.
You knew the following spells:

 Your Spells              Type           Power        Failure   Level  Hunger
a - Summon Small Mammal   Summ           ###.         3%          1    #......

Your spell library contained the following spells:

 Spells                   Type           Power        Failure   Level  Hunger
 Summon Ice Beast         Ice/Summ       #.......     61%         4    #####..
 Call Imp                 Summ           ###.....     4%          2    ###....
 Call Canine Familiar     Summ           ###.....     9%          3    ###....
 Summon Lightning Spire   Summ/Air       #.......     61%         4    #####..
 Summon Guardian Golem    Hex/Summ       #.......     24%         3    ###....


Dungeon Overview and Level Annotations

Branches:
Dungeon (1/15)

Altars:


Innate Abilities, Weirdness & Mutations

Shadows flee at your approach. (+LOS)
You can swim through water.
You cover ground slowly.
You can hop short distances.


Message History

The dart slug bites your rat.
Your rat dies!
Your rat's corpse disappears in a puff of smoke!
What are your orders? t - Ribbit!
Orders for allies: a - Attack new target. p - Attack previous target. r - Retreat! s - Stop attacking. g - Guard the area. f - Follow me.
Anything else - Cancel.
Gang up on whom?
Press: ? - help, Dir - move target cursor, f/p - dart slug
Aim: a dart slug (lightly wounded, clinging) Attack!
Casting: Summon Small Mammal (safe; 3% risk of failure)
Confirm with . or Enter, or press ? or * to list all spells.
Your quokka bites the dart slug.
The dart slug barely misses your quokka.
Your quokka bites the dart slug but does no damage.
The dart slug launches a dart at you. The slug dart hits your quokka.
What are your orders? t - Ribbit!
Orders for allies: a - Attack new target. p - Attack previous target. r - Retreat! s - Stop attacking. g - Guard the area. f - Follow me.
Anything else - Cancel.
Gang up on whom?
Press: ? - help, Dir - move target cursor, f/p - dart slug
Aim: a dart slug (heavily wounded, clinging) Attack!
Your quokka disappears in a puff of smoke!
Your bat hits the dart slug but does no damage.
The dart slug barely misses your bat.
Your bat hits the dart slug but does no damage.
Your bat hits the dart slug.
Really attack barehanded? [Y]es or [N]o only, please.
Really attack barehanded? [Y]es or [N]o only, please.
Really attack barehanded?
You hit the dart slug but do no damage.
The dart slug is heavily wounded.
Your bat hits the dart slug. The dart slug closely misses you.
You hit the dart slug.
The dart slug is severely wounded.
Your bat hits the dart slug but does no damage.
The dart slug barely misses your bat.
Your bat hits the dart slug but does no damage.
You hit the dart slug but do no damage.
The dart slug is severely wounded.
Your bat hits the dart slug. x2
The dart slug dies!
You butcher the dart slug corpse.
b - 3 chunks of flesh {@w0} (gained 2) Key pressed, stopping explore.
Unknown command.
Wield which item (- for none, * to show all)? (? for menu, Esc to quit)
f - a +0 dagger (weapon)
A goblin and a hobgoblin come into view.
The hobgoblin shouts!
The goblin shouts!
Your bat disappears in a puff of smoke!
You see here 14 stones.
Casting: Summon Small Mammal (safe; 3% risk of failure)
Confirm with . or Enter, or press ? or * to list all spells.
The goblin barely misses you. The goblin closely misses you.
You swap places.
The goblin barely misses your rat.
Your rat barely misses the goblin.
You swap places.
You see here 14 stones.
You closely miss the goblin. The goblin hits you with a club.
The hobgoblin barely misses you.
You hit the goblin.
The goblin is heavily wounded.
The goblin hits you with a club. The hobgoblin hits you.
You swap places.
The goblin hits your rat but does no damage.
Your rat closely misses the goblin.
The hobgoblin hits your rat. The goblin hits your rat with a club.
Your rat dies!
Your rat's corpse disappears in a puff of smoke!
Casting: Summon Small Mammal (safe; 3% risk of failure)
Confirm with . or Enter, or press ? or * to list all spells.
You miscast Summon Small Mammal.
You are very lightly contaminated with residual magic.
You feel a strange surge of energy!
The hobgoblin hits you but does no damage.
Some of the chunks of flesh in your inventory have rotted away.
Casting: Summon Small Mammal (safe; 3% risk of failure)
Confirm with . or Enter, or press ? or * to list all spells.
The hobgoblin barely misses you. The goblin hits you with a club.
The hobgoblin hits you.
* * * LOW HITPOINT WARNING * * *
Your quokka completely misses the hobgoblin.
The goblin hits you but does no damage.
Casting: Summon Small Mammal (safe; 3% risk of failure)
Confirm with . or Enter, or press ? or * to list all spells.
The hobgoblin closely misses you.
Your quokka bites the hobgoblin.
The goblin hits you with a club.
You die...

#.#####.#.##.##.##.##.#
#.#.##.##.##.##.#
#.#.##.##.##.##.#
#.#.##.##.##.##.##
##.#####.................
#..(.(.†(......#....##.##
##.#######...............
###r.#######...#
########.@######.....
........ggr..........
########..######... .
...............[...
########...######.. #...#
#...# ###.# #.#


You could see a hobgoblin, a goblin and 2 friendly quokkas.

Vanquished Creatures
  A rat (D:1)
1 creature vanquished.

Vanquished Creatures (collateral kills)
  A dart slug (D:1)
  A bat (D:1)
  A giant cockroach (D:1)
  A kobold (D:1)
4 creatures vanquished.

Vanquished Creatures (others)
  4 toadstools (D:1)
4 creatures vanquished.

Grand Total: 9 creatures vanquished

Notes
Turn   | Place    | Note
-------+----------+-------------------------------------------
     0 | D:1      | Mgcat the Barachi Summoner began the quest for the Orb.
     0 | D:1      | Reached XP level 1. HP: 13/13 MP: 3/3
   265 | D:1      | HP: 3/13 [hobgoblin (1)]
   267 | D:1      | Slain by a goblin

Vault maps used:
D:1:      ldierk_walled_garden_2, minivault_14, nrook_mini_vaults

Action                   || total
-------------------------++-------
Melee: Unarmed           ||    16
       Dagger            ||     2
 Cast: Summon Small Mamm ||    12
Armor: Robe              ||     8
Dodge: Dodged            ||    14

Table legend:
 A = Non-vault XP
 B = Vault XP
 C = Vault XP percentage of total XP
 D = Non-vault monster count
 E = Vault monster count
 F = Vault count percentage of total count
 G = Total turns spent on level
                 A         B        C        D         E       F
            +---------+---------+-------+---------+---------+-------
      Total |       6 |       0 |   0.0 |       5 |       0 |   0.0
            +---------+---------+-------+---------+---------+-------
        D:1 |       6 |       0 |   0.0 |       5 |       0 |   0.0
            +---------+---------+-------+---------+---------+-------

Vault maps used:
D:1:      ldierk_walled_garden_2, minivault_14, nrook_mini_vaults

Table legend:
 A = Turns spent in this place as a percentage of turns spent in the entire game.
 B = Non-inter-level travel turns spent in this place as a percentage of non-inter-level travel turns spent in the entire game.
 C = Inter-level travel turns spent in this place as a percentage of turns spent in this place.
 D = Turns resting spent in this place as a percentage of non-inter-level travel turns spent in this place.
 E = Turns spent auto-exploring this place as a percentage of non-inter-level travel turns spent in this place.
 F = Non-inter-level travel turns spent in this place divided by the number of levels of this place that you've seen.
                   A       B       C       D       E      F
               +-------+-------+-------+-------+-------+----------------------
         Total | 100.0 | 100.0 |   0.0 |   0.0 |  60.3 | 267.0
       Dungeon | 100.0 | 100.0 |   0.0 |   0.0 |  60.3 | 267.0
               +-------+-------+-------+-------+-------+----------------------

Table legend:
 A = Kills in this place as a percentage of kills in entire the game.
 B = Kills by you in this place as a percentage of kills by you in the entire game.
 C = Kills by friends in this place as a percentage of kills by friends in the entire game.
 D = Other kills in this place as a percentage of other kills in the entire game.
 E = Experience gained in this place as a percentage of experience gained in the entire game.
 F = Experience gained in this place divided by the number of levels of this place that you have seen.
                   A       B       C       D       E      F
               +-------+-------+-------+-------+-------+----------------------
         Total | 100.0 | 100.0 | 100.0 |   N/A | 100.0 |   6.0
       Dungeon | 100.0 | 100.0 | 100.0 |   N/A | 100.0 |   6.0
               +-------+-------+-------+-------+-------+----------------------
